 Dungeon Crawl Stone Soup version 0.17-a0-1636-g3119f2b (console) character file.

144 Monkaria the Conjurer (level 5, 0/28 HPs)
             Began as a Deep Elf Conjurer on Aug 6, 2015.
             Slain by Pikel
             ... wielding a +2 whip of freezing
              (13 damage)
             ... on level 4 of the Dungeon.
             The game lasted 00:06:05 (3016 turns).

Monkaria the Conjurer (Deep Elf Conjurer)           Turns: 3016, Time: 00:06:05

Health: 0/28       AC:  6    Str:  5    XL:     5   Next: 5%
Magic:  0/11       EV: 13    Int: 21    God:
Gold:   129        SH:  0    Dex: 15    Spells: 3 memorised, 3 levels left

rFire  . . .     SeeInvis .     (no weapon)
rCold  . . .     Clarity  .     a - +0 robe
rNeg   . . .     SustAt   .     (no shield)
rPois  .         Gourm    .     (no helmet)
rElec  .         Spirit   .     j - +0 cloak
rCorr  .         Warding  .     o - +1 pair of gloves
rMut   .         Stasis   .     x - +0 pair of boots
MR     .....                    s - amulet of faith
Stlth  ++........               (no ring)
                                (no ring)

@: not resistant to hostile enchantments, unstealthy
A: no striking features
a: no special abilities


You were on level 4 of the Dungeon.
You were not hungry.

You visited 1 branch of the dungeon, and saw 4 of its levels.

You collected 129 gold pieces.

Inventory:

Armour
 a - a +0 robe (worn)
 j - a +0 cloak (worn)
 o - a +1 pair of gloves (worn)
 x - a +0 pair of boots (worn)
Jewellery
 d - an uncursed amulet of rage
 s - an amulet of faith (around neck)
 A - an uncursed amulet of regeneration
Magical devices
 u - a wand of random effects (43)
Scrolls
 e - 3 scrolls of identify {unknown}
 g - a scroll of enchant armour {unknown}
 i - a scroll of remove curse {unknown}
 k - 2 scrolls of fear {unknown}
 p - 3 scrolls of teleportation {unknown}
 q - a scroll of noise {unknown}
 y - a scroll of enchant weapon {unknown}
 z - a scroll of immolation {unknown}
 B - a scroll of blinking {unknown}
Potions
 h - a potion of invisibility {unknown}
 l - 5 potions of curing {unknown}
 m - a potion of haste {unknown}
 n - a potion of cancellation {unknown}
 r - a potion of agility {unknown}
 v - 2 potions of ambrosia {unknown}
 w - 2 potions of lignification {unknown}
Books
 b - a book of Conjurations

   Spells                             Type                      Level
   a - Magic Dart                     Conjuration                  1
   b - Searing Ray                    Conjuration                  2
   c - Dazzling Spray                 Conjuration/Hexes            3
   d - Fulminant Prism                Conjuration/Hexes            4
   e - Iskenderun's Mystic Blast      Conjuration                  4
   f - Iskenderun's Battlesphere      Conjuration/Charms           5
Comestibles
 c - 4 bread rations
 f - 2 fruits
 t - a beef jerky
 C - 3 chunks of flesh


   Skills:
 - Level 2.4 Dodging
 - Level 2.4 Stealth
 + Level 3.0 Spellcasting
 - Level 7.0 Conjurations


You had 3 spell levels left.
You knew the following spells:

 Your Spells              Type           Power        Failure   Level  Hunger
a - Magic Dart            Conj           ####         1%          1    None
b - Searing Ray           Conj           ####..       1%          2    ##.....
c - Iskenderun's Mystic   Conj           ####....     10%         4    ####...


Dungeon Overview and Level Annotations

Branches:
Dungeon (4/15)
 Temple: D:4-7

Altars:

Annotations:
D:4 Dowan, Duvessa, Pikel


Message History

Casting: Searing Ray
Confirm with . or Enter, or press ? or * to list all spells.
Aiming: Magic Dart
Press: ? - help, Shift-Dir - straight line, f/p - Pikel
Aim: Pikel, wielding a whip of freezing and wearing a runed robe (almost dead)
The magic dart hits Pikel.
Pikel is almost dead.
Pikel hits you but does no damage.
You barely miss Pikel.
Pikel is almost dead.
Pikel hits you with a whip of freezing. Pikel freezes you.
Casting: Magic Dart
Confirm with . or Enter, or press ? or * to list all spells.
Aiming: Magic Dart
Press: ? - help, Shift-Dir - straight line, f/p - Pikel
Aim: Pikel, wielding a whip of freezing and wearing a runed robe (almost dead)
The magic dart hits Pikel.
Pikel is almost dead.
Pikel hits you with a whip of freezing!
You die...

.
#............#
#............#
#............#
+............#
#............#
###
#.############
#<# #p# #.#
#K# #.#####@#
#....##[#
####.##.#
#.##.# #.##.#
#.##.# #....#
####.# ###


You could see Pikel and a slave.

Vanquished Creatures
  2 slaves (D:4)
  A hound skeleton (D:4)
  5 adders
  An ooze (D:3)
  2 worms
  A giant gecko (D:3)
  An orc (D:3)
  2 ball pythons
  5 giant cockroaches
  3 goblins
  8 hobgoblins
  9 jackals
  2 quokkas (D:3)
  13 bats
  A giant gecko skeleton (D:4)
  2 giant newts
  7 kobolds
  8 rats
73 creatures vanquished.

Notes
Turn   | Place    | Note
--------------------------------------------------------------
     0 | D:1      | Monkaria the Deep Elf Conjurer began the quest for the Orb.
     0 | D:1      | Reached XP level 1. HP: 10/10 MP: 6/6
   218 | D:1      | Reached XP level 2. HP: 15/15 MP: 6/8
   246 | D:1      | Reached skill level 5 in Conjurations
   894 | D:2      | Reached XP level 3. HP: 19/19 MP: 6/9
  1289 | D:2      | Reached skill level 6 in Conjurations
  1685 | D:3      | Learned a level 2 spell: Searing Ray
  1708 | D:3      | Reached XP level 4. HP: 24/24 MP: 8/10
  2657 | D:4      | Noticed Dowan
  2659 | D:4      | Noticed Duvessa
  2782 | D:3      | Learned a level 4 spell: Iskenderun's Mystic Blast
  2821 | D:4      | Noticed a slave
  2821 | D:4      | Noticed a slave
  2826 | D:4      | Noticed Pikel
  2850 | D:4      | Killed a slave
  2854 | D:4      | Killed a slave
  2923 | D:4      | Reached skill level 7 in Conjurations
  2923 | D:4      | Reached XP level 5. HP: 21/28 MP: 6/11
  3008 | D:4      | Noticed a slave
  3016 | D:4      | Slain by Pikel

Vault maps used:
D:1:      matt_arrival_refuge, hangedman_decor_clover_reticule,
          serial_bayou_pond_d, minmay_hedge_maze
D:2:      first_bread
D:4:      uniq_duvessa, uniq_blork_the_orc, uniq_pikel

Action                   |  1- 3 |  4- 6 || total
-------------------------+-------+-------++-------
Melee: Unarmed           |     3 |     1 ||     4
 Cast: Magic Dart        |   102 |    49 ||   151
       Searing Ray       |       |     7 ||     7
  Eat: Chunk             |     2 |     4 ||     6
